 Dungeon Crawl Stone Soup version 0.29.1-2-gbd0b4ee654 (webtiles) character file.

Game seed: 13237293986117676002

26 KittyFluff the Trooper (level 3, 0/23 HPs)
             Began as a Gargoyle Berserker on Oct 26, 2022.
             Was a Follower of Trog.
             Slain by a worm (9 damage)
             ... on level 2 of the Dungeon.
             The game lasted 00:05:08 (1842 turns).

KittyFluff the Trooper (Gargoyle Berserker)         Turns: 1842, Time: 00:05:09

Health: 0/23       AC:  5    Str: 20    XL:     3   Next: 8%
Magic:  3/3        EV: 12    Int:  7    God:    Trog [*.....]
Gold:   78         SH:  0    Dex: 11    Spells: 2/2 levels left

rFire   . . .      SeeInvis .   f - +0 quarterstaff
rCold   . . .      Faith    .   (shield currently unavailable)
rNeg    + . .      Spirit   .   b - +0 animal skin
rPois   ∞          Reflect  .   (no helmet)
rElec   +          Harm     .   (no cloak)
rCorr   .          Rampage  .   (no gloves)
Will    .....                   (no boots)
Stlth   +.........              (no amulet)
HPRegen 0.07/turn               (no ring)
MPRegen 0.08/turn               (no ring)

@: no status effects
A: sickness immunity, AC +3, negative energy resistance 1, electricity
resistance, torment resistance 1, petrification resistance
a: Renounce Religion, Berserk


You were on level 2 of the Dungeon.
You worshipped Trog.
Trog was aware of your devotion.
You visited 1 branch of the dungeon, and saw 2 of its levels.

You collected 78 gold pieces.

Inventory:

Hand Weapons
 a - a +0 mace
 f - a +0 quarterstaff (weapon)
Missiles
 h - 4 poisoned darts (quivered)
Armour
 b - a +0 animal skin (worn)
Scrolls
 c - 2 scrolls of teleportation {unknown}
 d - a scroll of vulnerability {unknown}
 g - a scroll of identify
 j - a scroll of magic mapping {unknown}
 k - a scroll of acquirement {unknown}
Potions
 e - a potion of magic
 i - a potion of curing


   Skills:
 + Level 3.6 Fighting
 + Level 3.2(3.3) Maces & Flails
 * Level 0.9(2.2) Staves
 * Level 2.5 Armour
 + Level 1.8 Dodging
 + Level 0.2 Stealth


You had 2 spell levels left.
You didn't know any spells.
Your spell library was empty.

Dungeon Overview and Level Annotations

Branches:
Dungeon (2/15)

Altars:


Innate Abilities, Weirdness & Mutations

You are immune to sickness and miasma.
Your stone body is resilient. (AC +3)
You are immune to poison.
You resist negative energy. (rN+)
You are resistant to electric shocks. (rElec)
You are resistant to unholy torment.
You are immune to petrification.


Message History

The goblin shouts!
You see here 3 gold pieces.
You see here 3 gold pieces.
You now have 78 gold pieces (gained 3).
A ball python comes into view.
The ball python hisses angrily.
You hit the goblin.
You kill the goblin!
Trog accepts your kill.
You see here a +0 club.
Found a ring mail.
The ball python closely misses you. The ball python grabs you.
The ball python constricts you.
The ball python's grasp on you weakens, but your attempt to escape fails.
The ball python bites you but does no damage.
The ball python constricts you.
You escape the ball python's grasp.
You see here a +0 club.
The ball python misses you. The ball python barely misses you.
The worm bites you!
You hit the worm but do no damage.
The ball python bites you but does no damage.
The ball python closely misses you.
You hit the worm.
The worm is lightly wounded.
The ball python misses you. The ball python barely misses you.
The worm closely misses you.
You sock the ball python!
You kill the ball python!
Trog accepts your kill. The worm bites you!
You hit the worm.
The worm is heavily wounded.
The worm misses you.
You barely miss the worm.
The worm is moderately wounded.
You thump the worm!
The worm is almost dead.
The worm bites you!
You die...

###############
#..w@).......[.
#.####......... .
#.#..+......... ...
#.#.##.........
.....##.#.#.....#+#+#
.........<........
.....##.#.#.#####.#
.w.. #.#.#... .# #+#
#.#.# ...


You could see a worm.

Vanquished Creatures
  A dart slug (D:1)
  4 ball pythons
  A bat (D:1)
  An endoplasm (D:1)
  4 giant cockroaches (D:1)
  3 goblins
  A frilled lizard (D:1)
  6 kobolds (D:1)
21 creatures vanquished.

Notes
Turn   | Place    | Note
-------+----------+-------------------------------------------
     0 | D:1      | KittyFluff the Gargoyle Berserker began the quest for the
                  | Orb.
     0 | D:1      | Reached XP level 1. HP: 14/14 MP: 1/1
   225 | D:1      | Reached XP level 2. HP: 7/19 MP: 2/2
  1751 | D:1      | Reached XP level 3. HP: 20/23 MP: 3/3
  1842 | D:2      | Slain by a worm

Illustrated notes

Levels and vault maps discovered:
D:1:      grunt_arrival_lava_bath, layout_basic,
          shapermc_ecumenical_altar_mp_urbaneastern, minmay_splitting_lines,
          minmay_unequal
D:2:      layout_basic, basic_altar

Action                   || total
-------------------------++-------
Melee: Quarterstaff      ||    60
       Mace              ||    12
  Use: Scroll            ||     2
Armor: Animal skin       ||    26
Dodge: Dodged            ||    46
